 Dungeon Crawl Stone Soup version 0.19.0-2-gae57169 (webtiles) character file.

77 JeffiDaFish the Shield-Bearer (level 4, -1/28 HPs)
             Began as a Gargoyle Fighter on Nov 5, 2016.
             Slain by a gnoll
             ... wielding a +0 spear
              (3 damage)
             ... on level 3 of the Dungeon.
             The game lasted 00:08:35 (1641 turns).

JeffiDaFish the Shield-Bearer (Gargoyle Fighter)    Turns: 1641, Time: 00:08:36

Health: -1/28      AC: 16    Str: 20    XL:     4   Next: 34%
Magic:  4/4        EV:  5    Int:  9    God:
Gold:   202        SH:  9    Dex:  9    Spells: 0 memorised, 3 levels left

rFire  . . .     SeeInvis .     a - +1 flail
rCold  . . .     Gourm    .     k - +0 chain mail
rNeg   + . .     Faith    .     c - +0 shield
rPois  ∞         Spirit   .     e - +0 helmet
rElec  +         Reflect  .     (no cloak)
rCorr  .         Harm     .     (no gloves)
MR     .....                    (no boots)
Stlth  ..........               b - amulet of rage
                                (no ring)
                                (no ring)

@: no status effects
A: hooves 1, thin metallic scales 1, negative energy resistance 1, electricity
resistance, unbreathing, petrification resistance, rot immunity, AC +3
a: Evoke Berserk Rage


You were on level 3 of the Dungeon.
You were not hungry.

You visited 1 branch of the dungeon, and saw 3 of its levels.

You collected 202 gold pieces.

Inventory:

Hand Weapons
 a - a +1 flail (weapon)
Armour
 c - a +0 shield (worn)
 e - a +0 helmet (worn)
 k - a +0 chain mail (worn)
Jewellery
 b - an amulet of rage (around neck)
Scrolls
 i - a scroll of amnesia
 l - 2 scrolls of identify
Potions
 d - a potion of might
Comestibles
 f - 5 bread rations
 h - 4 meat rations
 j - a fruit


   Skills:
 + Level 3.6 Fighting
 + Level 2.8 Maces & Flails
 + Level 3.9 Armour
 + Level 0.5 Dodging
 + Level 4.1 Shields


You had 3 spell levels left.
You didn't know any spells.

Dungeon Overview and Level Annotations

Branches:
Dungeon (3/15)

Altars:


Innate Abilities, Weirdness & Mutations

You are resistant to torment.
Your stone body is resilient. (AC +3)
You are immune to poison.
You resist negative energy. (rN+)
You are resistant to electric shocks. (rElec)
You can survive without breathing.
You are immune to petrification.
You are immune to rotting.
You have large cloven feet.
You are partially covered in thin metallic scales. (AC +2)


Message History

The gnoll is almost dead.
The gnoll barely misses you. The gnoll hits you but does no damage.
You block the goblin's attack. The gnoll hits you but does no damage.
The gnoll barely misses you.
You sock the gnoll!
You kill the gnoll!
The goblin hits you but does no damage. The gnoll hits you but does no damage.
You block the gnoll's attack. The goblin hits you but does no damage.
The gnoll hits you but does no damage.
Okay, then.
You hit the gnoll but do no damage. Your kick misses the gnoll.
The gnoll is moderately wounded.
The gnoll hits you but does no damage. You block the gnoll's attack.
You block the goblin's attack. The gnoll barely misses you.
Your chain mail prevents you from hitting the gnoll.
Your kick misses the gnoll.
The gnoll is moderately wounded.
The gnoll hits you but does no damage. You block the goblin's attack.
The gnoll hits you with a spear.
You die...

..........####.#### #.#
..................# #..
*####.#...........# ##.
#####.#..#####.#..##############.
...##..........#.................
.........##..........###########.
##.#####.###.#.#..#### #. #.#
#.###......######## #. #.#
#.......g@).......# #. #.#
####....g)g#.###..### #. #.#
#..#..............# #. #.#
#.....##.#.#.#..#.# #. #.#
#.#.#.###.......#.# #.
#.#######.#.#.# #.##.##.#.# #.
#.........#.#.# #.##.##.#.#####.
####..#####.#.###.#....#........
#..............#...###.######


You could see 2 gnolls and a goblin.

Vanquished Creatures
  2 gnolls (D:3)
  2 oozes
  2 worms
  2 leopard geckos
  7 bats
  3 giant cockroaches
  5 goblins
  4 hobgoblins
  4 kobolds
  2 quokkas (D:3)
  3 frilled lizards
  7 rats
43 creatures vanquished.

Notes
Turn   | Place    | Note
-------+----------+-------------------------------------------
     0 | D:1      | JeffiDaFish the Gargoyle Fighter began the quest for the Orb.
     0 | D:1      | Reached XP level 1. HP: 14/14 MP: 1/1
   118 | D:1      | Reached XP level 2. HP: 19/19 MP: 2/2
   165 | D:1      | Gained mutation: You have large cloven feet. [potion of beneficial mutation]
   167 | D:1      | Gained mutation: You are partially covered in thin metallic scales. (AC +2) [potion of beneficial mutation]
   534 | D:2      | Reached XP level 3. HP: 22/23 MP: 3/3
   944 | D:2      | Reached skill level 4 in Shields
  1411 | D:3      | Reached XP level 4. HP: 19/28 MP: 4/4
  1637 | D:3      | HP: 1/28 [gnoll/spear (4)]
  1641 | D:3      | Slain by a gnoll

Skill      XL: |  1  2  3 |
---------------+----------+-----
Shields        | 4 |  4.1
Fighting       | |  3.6
Maces & Flails | |  2.8
Armour         | |  3.9
Dodging        | |  0.5

Action                   |  1- 3 |  4- 6 || total
-------------------------+-------+-------++-------
Melee: Flail             |   173 |    16 ||   189
       Kick              |    32 |     2 ||    34
  Use: Scroll            |    10 |       ||    10
       Potion            |     3 |       ||     3
  Eat: Chunk             |     2 |     1 ||     3
Armor: Scale mail        |    57 |       ||    57
       Chain mail        |    49 |    29 ||    78
Dodge: Dodged            |    52 |     9 ||    61
Block: Shield            |   105 |    29 ||   134
